 Dungeon Crawl Stone Soup version 0.30-a0-137-gd8773701ce (webtiles) character file.

Game seed: 14891229715380648264

294030 Pooter the Severer (level 20, -6/188 HPs)
             Began as a Minotaur Fighter on Sept 19, 2022.
             Was a High Priest of Okawaru.
             Mangled by an orc knight
             ... wielding a +0 war axe
              (30 damage)
             ... on level 1 of the Vaults on Sept 22, 2022.
             The game lasted 05:21:37 (60209 turns).

Pooter the Severer (Minotaur Fighter)              Turns: 60209, Time: 05:21:38

Health: -6/188     AC: 39    Str: 42    XL:     20   Next: 2%
Magic:  26/26      EV: 15    Int: 12    God:    Okawaru [*****.]
Gold:   1039       SH:  5    Dex: 11    Spells: 19/19 levels left

rFire   x . .      SeeInvis +    a - +5 battleaxe (drain)
rCold   . . .      Faith    .    (shield currently unavailable)
rNeg    . . .      Spirit   .    q - +10 plate armour "Uladgh" {rElec rF- Will++ Dex+2}
rPois   +          Reflect  +    P - +0 hat of the Loofah {rPois Will+ rCorr}
rElec   +          Harm     .    N - +1 cloak of Noughts and Crosses {Fly Regen+ Slay+5 Stlth-}
rCorr   +          Rampage  .    h - +2 pair of gloves of Kilim {rCorr Str+4 Int+4 Dex-5 SInv}
Will    ++++.                    H - +2 pair of boots {Stlth+}
Stlth   +.........               M - amulet of reflection
HPRegen 1.21/turn                w - +6 ring of strength
MPRegen 0.20/turn                K - ring "Akhieg" {Str+6 Int+3}

@: about to teleport, heroic, flying
A: horns 2, retaliatory headbutt
}: 2/15 runes: decaying, gossamer
a: Renounce Religion, Heroism, Finesse, Duel


You were on level 1 of the Vaults.
You worshipped Okawaru.
Okawaru was extremely pleased with you.
You visited 9 branches of the dungeon, and saw 36 of its levels.

You collected 4099 gold pieces.
You spent 3060 gold pieces at shops.

Inventory:

Hand Weapons
 a - a +5 battleaxe of draining (weapon)
   (You took it off a hell knight in the Arena)
 b - a +4 arbalest of chaos
   (You found it on level 3 of the Dungeon)
 o - the +5 broad axe "Poobutaa" {vamp, Drain Int+7 Dex+5}
   (Okawaru gifted it to you on level 1 of the Lair of Beasts)

   It occasionally heals its wielder for a portion of the damage dealt when it
   wounds a living foe.
   Int:       It affects your intelligence (+7).
   Dex:       It affects your dexterity (+5).
   Drain:     It drains your maximum health when unequipped.
 B - a +2 eveningstar of draining
   (You took it off Louise on level 2 of the Swamp)
 L - the +11 dire flail "Kyngynn" {vorpal, rN++ MP-9 Str+3}
   (You took it off an orc on level 1 of the Orcish Mines)

   It inflicts extra damage upon your enemies.
   Str:       It affects your strength (+3).
   rN:        It greatly protects you from negative energy.
   MP:        It affects your magic capacity (-9).
 O - the +10 morningstar "Eos" {elec, Halo rElec}
   (You took it off an orc wizard on level 13 of the Dungeon)

   It occasionally discharges a powerful burst of electricity upon striking a
   foe.
   It grants its wielder a halo, revealing invisible creatures and increasing
   accuracy against all within it other than the wielder.
   rElec:     It insulates you from electricity.
Missiles
 y - 11 curare-tipped darts
 S - 42 boomerangs (quivered)
 T - 16 silver javelins
 V - 5 javelins
 X - 2 silver boomerangs
Armour
 h - the +2 pair of gloves of Kilim (worn) {rCorr Str+4 Int+4 Dex-5 SInv}
   (Okawaru gifted it to you on level 4 of the Swamp)

   Str:       It affects your strength (+4).
   Int:       It affects your intelligence (+4).
   Dex:       It affects your dexterity (-5).
   SInv:      It lets you see invisible.
   rCorr:     It protects you from acid and corrosion.
 q - the +10 plate armour "Uladgh" (worn) {rElec rF- Will++ Dex+2}
   (Okawaru gifted it to you on level 5 of the Lair of Beasts)

   Dex:       It affects your dexterity (+2).
   rF:        It makes you vulnerable to fire.
   rElec:     It insulates you from electricity.
   Will:      It greatly increases your willpower.
 H - a +2 pair of boots of stealth (worn)
   (You found it on level 4 of the Spider Nest)
 N - the +1 cloak of Noughts and Crosses (worn) {Fly Regen+ Slay+5 Stlth-}
   (You acquired it on level 13 of the Dungeon)

   Slay:      It affects your accuracy & damage with ranged weapons and melee
   (+5).
   Fly:       It grants you flight.
   Regen:     It increases your rate of health regeneration.
   Stlth:     It makes you less stealthy.
 P - the +0 hat of the Loofah (worn) {rPois Will+ rCorr}
   (You found it on level 4 of the Spider Nest)

   rPois:     It protects you from poison.
   rCorr:     It protects you from acid and corrosion.
   Will:      It increases your willpower.
Jewellery
 j - a ring of willpower
   (You found it on level 2 of the Dungeon)
 k - an amulet of regeneration
   (You found it on level 2 of the Orcish Mines)
 w - a +6 ring of strength (left hand)
   (You acquired it on level 9 of the Dungeon)
 C - a ring of resist corrosion
   (You found it on level 2 of the Orcish Mines)
 F - a ring of protection from fire
   (You bought it in a shop on level 1 of the Orcish Mines)
 I - a ring of protection from cold
   (You found it on level 2 of the Swamp)
 K - the ring "Akhieg" (right hand) {Str+6 Int+3}
   (You found it on level 3 of the Elven Halls)

   [ring of strength]

   Str:       It affects your strength (+6).
   Int:       It affects your intelligence (+3).
 M - an amulet of reflection (around neck)
   (You took it off an orc on level 7 of the Dungeon)
Wands
 f - a wand of flame (112)
   (You found it on level 9 of the Dungeon)
 m - a wand of mindburst (15)
   (You found it on level 4 of the Swamp)
 u - a wand of paralysis (15)
   (You found it on level 5 of the Dungeon)
 x - a wand of roots (25)
   (You took it off Natasha on level 4 of the Dungeon)
 D - a wand of digging (10)
   (You found it on level 6 of the Dungeon)
 E - a wand of polymorph (2)
   (You found it on level 4 of the Swamp)
 U - a wand of quicksilver (2)
   (You found it on level 2 of the Lair of Beasts)
Scrolls
 g - 6 scrolls of magic mapping
 l - 3 scrolls of noise {!r}
 t - 18 scrolls of teleportation {@r4}
 A - 6 scrolls of immolation {!r}
 G - 5 scrolls of blinking
 Q - 3 scrolls of silence
 W - 4 scrolls of fear
 Y - 2 scrolls of fog
 Z - 6 scrolls of poison {!r}
Potions
 c - 6 potions of attraction {!q}
 d - a potion of berserk rage
 e - 21 potions of curing {@q1}
 i - a potion of resistance
 n - a potion of invisibility
 p - a potion of might
 r - 16 potions of heal wounds {@q2}
 s - 6 potions of magic
 v - 6 potions of haste {@q3}
 z - 4 potions of mutation {!q}
 J - 2 potions of cancellation
 R - 5 potions of lignification {!q}


   Skills:
 + Level 18.2(23.2) Fighting
 - Level 20.0(25.4) Axes
 - Level 6.5(19.6) Maces & Flails
 - Level 18.0(23.0) Ranged Weapons
 - Level 7.0(12.0) Throwing
 * Level 14.1(19.1) Armour
 + Level 10.8(15.8) Dodging
 + Level 9.1(14.1) Stealth
 - Level 10.4(15.4) Shields
 - Level 10.2 Invocations
 - Level 9.1 Evocations


You had 19 spell levels left.
You didn't know any spells.
Your spell library contained the following spells:

 Spells                   Type           Power      Damage    Failure   Level
 Apportation              Tloc           0%         N/A       67%         1
 Beastly Appendage        Tmut           0%         N/A       67%         1
 Foxfire                  Conj/Fire      0%         2x1d4     67%         1
 Magic Dart               Conj           0%         1d3       67%         1
 Necrotise                Necr           0%         1d4       67%         1
 Shock                    Conj/Air       0%         1d3       67%         1
 Slow                     Hex            0%         N/A       67%         1
 Blink                    Tloc           0%         N/A       82%         2
 Cigotuvi's Dreadful Rot  Necr/Pois/Air  0%         N/A       82%         2
 Ensorcelled Hibernation  Hex/Ice        0%         N/A       82%         2
 Passwall                 Tmut/Erth      0%         N/A       82%         2
 Poisonous Vapours        Pois/Air       0%         N/A       82%         2
 Searing Ray              Conj           0%         2d4       82%         2
 Static Discharge         Conj/Air       0%         2-2/arc   82%         2
 Sublimation of Blood     Necr           0%         N/A       82%         2
 Wereblood                Tmut           0%         N/A       82%         2
 Confusing Touch          Hex            0%         N/A       96%         3
 Dazzling Flash           Conj/Hex       0%         N/A       96%         3
 Ignite Poison            Fire/Tmut/Pois 0%         N/A       96%         3
 Inner Flame              Hex/Fire       0%         N/A       96%         3
 Kindle Blastsparks       Fire/Tloc/Air  0%         2d10      96%         3
 Lesser Beckoning         Tloc           0%         N/A       96%         3
 Mephitic Cloud           Conj/Pois/Air  0%         N/A       96%         3
 Ozocubu's Armour         Ice            0%         N/A       96%         3
 Portal Projectile        Hex/Tloc       0%         N/A       96%         3
 Spider Form              Tmut/Pois      0%         N/A       96%         3
 Stone Arrow              Conj/Erth      0%         3d7       96%         3
 Swiftness                Air            0%         N/A       96%         3
 Vampiric Draining        Necr           0%         2d6       96%         3
 Anguish                  Hex/Necr       0%         N/A       100%        4
 Cause Fear               Hex            0%         N/A       100%        4
 Dispel Undead            Necr           0%         3d6       100%        4
 Flame Wave               Conj/Fire      0%         2d4       100%        4
 Fulminant Prism          Conj/Hex       0%         3d6       100%        4
 Leda's Liquefaction      Hex/Erth       0%         N/A       100%        4
 Manifold Assault         Tloc           0%         N/A       100%        4
 Olgreb's Toxic Radiance  Pois           0%         N/A       100%        4
 Passage of Golubria      Tloc           0%         N/A       100%        4
 Petrify                  Tmut/Erth      0%         N/A       100%        4
 Sticky Flame             Conj/Fire      0%         2d3       100%        4
 Agony                    Necr           0%         N/A       100%        5
 Blade Hands              Tmut           0%         N/A       100%        5
 Fireball                 Conj/Fire      0%         3d3       100%        5
 Freezing Cloud           Conj/Ice/Air   0%         6-21      100%        5
 Iskenderun's Battlesphe  Conj           0%         2d6       100%        5
 Lee's Rapid Deconstruct  Erth           0%         3d5*      100%        5
 Metabolic Englaciation   Hex/Ice        0%         N/A       100%        5
 Silence                  Hex/Air        0%         N/A       100%        5
 Yara's Violent Unravell  Hex/Tmut       0%         3d3       100%        5
 Conjure Ball Lightning   Conj/Air       0%         3x3d6     100%        6
 Dispersal                Tloc           0%         N/A       100%        6
 Eringya's Noxious Bog    Tmut/Pois      0%         N/A       100%        6
 Iron Shot                Conj/Erth      0%         9d1       100%        6
 Statue Form              Tmut/Erth      0%         N/A       100%        6
 Dragon Form              Tmut           0%         N/A       100%        7
 Orb of Destruction       Conj           0%         9d5       100%        7
 Storm Form               Tmut/Air       0%         N/A       100%        7
 Disjunction              Tloc           0%         N/A       100%        8
 Lehudib's Crystal Spear  Conj/Erth      0%         10d2      100%        8
 Maxwell's Capacitive Co  Air            0%         ∞         100%        8
 Summon Small Mammal      Summ           Unusable   N/A       N/A         1
 Summon Guardian Golem    Hex/Summ       Unusable   N/A       N/A         3
 Tukima's Dance           Hex            Unusable   N/A       N/A         3
 Animate Armour           Summ/Erth      Unusable   N/A       N/A         4
 Summon Forest            Summ/Tloc      Unusable   N/A       N/A         5
 Simulacrum               Ice/Necr       Unusable   N/A       N/A         6
 Spellforged Servitor     Conj/Summ      Unusable   N/A       N/A         7
 Summon Hydra             Summ           Unusable   N/A       N/A         7
 Dragon's Call            Summ           Unusable   N/A       N/A         9

Dungeon Overview and Level Annotations

Branches:
Dungeon (15/15)            Temple (1/1) D:6            Lair (5/5) D:9
  Swamp (4/4) Lair:3       Spider (4/4) Lair:2        Slime (0/5) Lair:5
    Orc (2/2) D:11            Elf (3/3) Orc:2        Vaults (1/5) D:13
 Depths (1/4) D:15

Altars:
Ashenzari
Cheibriados
Dithmenos
Elyvilon
Fedhas
Gozag
Hepliaklqana
Kikubaaqudgha
Makhleb
Nemelex Xobeh
Okawaru
Qazlal
Ru
Sif Muna
Trog
Uskayaw
Vehumet
Wu Jian
Xom
Yredelemnul
Zin
The Shining One
Jiyva

Shops:
Orc:1 ![*   Orc:2 =(=(   Elf:1 [?*   Elf:3 ?(?(   Vaults:1 *

Annotations:
Swamp:3 Roxanne
Elf:2 3 runed translucent doors


Innate Abilities, Weirdness & Mutations

You have a pair of horns on your head.
You reflexively headbutt those who attack you in melee.


Message History

You headbutt the orc warlord. You slash the slime creature!
You kill the slime creature!
Okawaru accepts your kill.
You barely miss the slime creature.
You hear a roar!
The orc knight barely misses you.
The orc warlord hits you with a +1 dire flail of protection!!
The slime creature closely misses you. You furiously retaliate!
You headbutt the slime creature!! You closely miss the orc warlord.
You headbutt the orc warlord. You slice the slime creature!!
You kill the slime creature!
Okawaru accepts your kill. The orc warlord barely misses you.
The orc knight closely misses you.
A lindwurm comes into view.
Electricity crackles from the ironbound thunderhulk's apparatus.
The bolt of lightning hits you! You resist.
You hit the orc warlord but do no damage.
You drain the orc warlord. You headbutt the orc warlord.
You kill the orc warlord!
Okawaru accepts your kill.
You hit the orc knight. The orc knight barely misses you.
The orc knight hits you with a +0 battleaxe!!
* * * LOW HITPOINT WARNING * * *
The orc knight unwields a +0 war axe.
The orc knight wields a +0 arbalest.
The orc knight shoots a bolt.
The bolt closely misses you.
You hear a roar!
A lindwurm comes into view.
The lindwurm roars!
The orc knight misses you.
The orc knight hits you with a +3 broad axe!!
* * * LOW HITPOINT WARNING * * *
The orc knight hits you with a +0 halberd!!
* * * LOW HITPOINT WARNING * * *
Things that are here:
a +1 dire flail of protection; a +0 chain mail; an orc corpse
As you read the scroll of teleportation {@r4}, it crumbles to dust.
You feel strangely unstable.
The orc knight unwields a +0 arbalest.
The orc knight wields a +0 war axe.
The orc knight barely misses you. You furiously retaliate!
You headbutt the orc knight! The orc knight misses you.
The orc knight completely misses you.
The orc knight hits you with a +3 broad axe!
* * * LOW HITPOINT WARNING * * *
You slice the orc knight!! You drain the orc knight!
You headbutt the orc knight.
You slice the orc knight like a ripe choko!!!
You closely miss the orc knight.
You open the orc knight like a pillowcase!!!
The orc knight hits you with a +0 war axe!!
You die...

*,,,*,,,*,,,* *,,,,,
**,,**+**,,** *,,,,, **,,,,,,,**
#########,,,,, **,,,,,**
#~~...~~+,,,,, **,,,**
#~~...~~#,,,,, *** *****
#.......#,,,,, ,,* ****
##########.......#,,,,, ,**
**,,**#....oo..#.......#,,,,, **
**,,,,*#...Oo@..#~~...~~#***** *
**,,**,.'k.k.o...'~~...~~#*,,,,
**,,****.#...=....#########*,***
**,,** **,#........# *,*,, *,,**
**,,#........# *,*,* ,,**
**,,*#........# *,*,* ,**
**,,**#........# *,*,* ** *,,**
#........# *,*,* **** *#########
*,*,*


You could see an ironbound thunderhulk, 4 orc knights and 2 lindwurms.

Vanquished Creatures
  Saint Roka (Arena)
  Bai Suzhen (Elf:3)
  Jorgrun (D:14)
  4 deep elf master archers (Elf:3)
  5 entropy weavers (Spider:3)
  Agnes (Spider:1)
  4 thorn hunters
  3 fenstrider witches
  8 emperor scorpions
  11 deep elf sorcerers
  Louise (Swamp:2)
  5 ghost moths (Spider:4)
  The ghost of Dobruq the Warrior, a journeyman OgTm of Makhleb (Lair:4)
  9 deep elf elementalists
  4 orc warlords
  5 very ugly things (Depths:1)
  A ghoul (Swamp:1)
  The ghost of Catyentaxio the Impaler, a journeyman MfBe of Trog (Lair:4)
  The ghost of Ikeowk the Marksspriggan, a journeyman SpHs of Dithmenos (Swamp:1)
  7 eleionomae
  The ghost of Riheudah the Brawler, a journeyman TrDe (Lair:4)
  4 bunyips
  5 deep elf demonologists (Elf:3)
  9 deep elf annihilators (Elf:3)
  2 spark wasps (Spider:3)
  Snorg (D:11)
  2 deep elf death magi (Elf:3)
  5 deep elf high priests (Elf:3)
  4 shambling mangroves
  The ghost of Zun Lasmi the Thaumaturge, a journeyman VSTm of Dithmenos (Lair:4)
  The ghost of Xutikh the Covert, a journeyman SpCA of Ignis (Lair:4)
  Josephine (Orc:2)
  A fire dragon (Lair:5)
  12 vault guards
  A rakshasa (D:14)
  2 jorogumos (Spider:2)
  16 hydras
  A catoblepas (Lair:4)
  A ghost crab (Swamp:2)
  4 centaur warriors
  5 alligators
  2 radroaches
  8 two-headed ogres
  10 dancing weapons
  8 boulder beetles
  7 orc high priests
  A tengu warrior (D:15)
  Urug (Lair:2)
  20 deep elf knights
  A spriggan berserker (Swamp:4)
  10 hell knights
  2 pharaoh ants
  3 skeletal warriors
  7 steelbarb worms
  A death drake (Swamp:1)
  2 goliath frogs
  2 sun moths
  15 swamp dragons
  A wizard (D:15)
  5 bog bodies
  10 orb spiders
  12 deep elf archers
  4 lindwurms
  8 spriggan druids
  A necromancer (D:15)
  6 orc knights
  4 oklob plants (Lair:3)
  27 deep elf pyromancers
  28 deep elf zephyrmancers
  14 ugly things
  10 orc sorcerers
  4 will-o-the-wisps
  21 wolf spiders
  4 moths of wrath
  3 cyclopes
  9 elephants
  4 manticores
  8 black mambas
  3 molten gargoyles (Lair:5)
  A vault sentinel (Elf:1)
  A gargoyle (D:13)
  7 cane toads
  2 centaur skeletons (D:15)
  6 torpor snails
  A yaktaur (shapeshifter) (D:13)
  2 rime drakes
  A kobold demonologist (D:13)
  2 freezing wraiths
  2 demonic crawlers (Spider:2)
  An efreet (D:15)
  6 komodo dragons
  5 yaktaurs (D:15)
  9 hornets
  6 meliai
  8 trolls
  8 tyrant leeches
  27 tarantellas
  16 dream sheep
  Prince Ribbit (Lair:1)
  8 blink frogs
  14 slime creatures
  37 jumping spiders
  18 culicivoras
  4 air elementals
  56 yaks
  6 spriggans
  10 water elementals
  A vampire (D:13)
  4 wyverns
  A centaur simulacrum (D:15)
  5 fire elementals
  A human (shapeshifter) (Elf:2)
  8 basilisks
  58 redbacks
  5 wraiths
  12 vampire mosquitoes
  14 wargs
  23 swamp worms
  2 acid dragons
  12 water moccasins
  11 hell hounds
  70 orc warriors
  8 swamp drakes
  3 black bears
  3 ice beasts
  A black bear (shapeshifter) (Elf:2)
  2 sky beasts
  11 ogres
  5 centaurs
  A phantom (D:4)
  10 bullfrogs
  3 wyvern zombies (D:8)
  A kobold brigand (D:7)
  6 earth elementals
  2 gnoll sergeants
  3 scorpions
  2 necrophages
  10 wights
  21 killer bees
  3 howler monkeys
  6 electric eels
  6 lava snakes
  4 centaur zombies
  4 hounds
  5 jellies
  31 orc priests
  2 gnoll boudas
  3 iguanas
  Natasha (thrice) (D:4)
  43 orc wizards
  A boggart skeleton (D:15)
  A killer bee zombie (D:8)
  3 howler monkey zombies (D:8)
  19 gnolls
  4 adders
  A white imp (D:7)
  2 worms (D:2)
  4 dart slugs
  124 orcs
  11 ball pythons
  3 bats
  8 endoplasms
  4 giant cockroaches
  18 goblins
  7 hobgoblins
  2 jackals (D:2)
  10 kobolds
  A quokka (D:2)
  4 frilled lizards
  5 rats
1365 creatures vanquished.

Vanquished Creatures (others)
  2 deep elf knights
  3 deep elf pyromancers
  A deep elf zephyrmancer (Elf:1)
  A bloated husk (Swamp:4)
  An orc (Orc:2)
  2 briar patches (Swamp:4)
  11 foxfires
  23 fungi
  58 plants
102 creatures vanquished.

Grand Total: 1467 creatures vanquished

Notes
Turn   | Place    | Note
-------+----------+-------------------------------------------
     0 | D:1      | Pooter the Minotaur Fighter began the quest for the Orb.
     0 | D:1      | Reached XP level 1. HP: 19/19 MP: 0/0
   159 | D:1      | Reached skill level 3 in Axes
   222 | D:1      | Reached XP level 2. HP: 27/27 MP: 1/1
   745 | D:1      | Found a faded altar of an unknown god.
  1002 | D:2      | Reached XP level 3. HP: 33/33 MP: 2/2
  1025 | D:2      | Reached skill level 4 in Axes
  1232 | D:2      | Reached XP level 4. HP: 41/41 MP: 3/3
  1410 | D:2      | Found a hide-covered altar of Uskayaw.
  1744 | D:3      | Found a hide-covered altar of Uskayaw.
  1744 | D:3      | Found a white marble altar of Elyvilon.
  2121 | D:3      | Reached skill level 5 in Axes
  2342 | D:3      | Noticed an ogre
  2351 | D:3      | Killed an ogre
  2352 | D:3      | Reached skill level 5 in Fighting
  2352 | D:3      | Reached skill level 1 in Ranged Weapons
  2352 | D:3      | Reached XP level 5. HP: 20/48 MP: 4/4
  2744 | D:4      | Found an iron altar of Okawaru.
  2775 | D:4      | Became a worshipper of Warmaster Okawaru
  2789 | D:4      | Noticed a phantom
  2797 | D:4      | Killed a phantom
  2798 | D:4      | Reached XP level 6. HP: 50/56 MP: 5/5
  3025 | D:4      | Noticed Natasha
  3032 | D:4      | Reached skill level 6 in Axes
  3033 | D:4      | Killed Natasha
  3235 | D:4      | Noticed Natasha
  3245 | D:4      | Killed Natasha
  3287 | D:4      | Noticed Natasha
  3300 | D:4      | Killed Natasha
  3693 | D:4      | Reached * piety under Okawaru
  3875 | D:5      | Entered Level 5 of the Dungeon
  3982 | D:5      | Reached XP level 7. HP: 9/62 MP: 3/6
  4314 | D:5      | Found a blossoming altar of Fedhas.
  4490 | D:5      | Reached skill level 7 in Axes
  4987 | D:5      | Reached skill level 5 in Ranged Weapons
  5465 | D:5      | Found a glowing golden altar of the Shining One.
  5492 | D:5      | Found a shimmering blue altar of Sif Muna.
  5520 | D:5      | Found an ancient bone altar of Kikubaaqudgha.
  5528 | D:5      | Reached XP level 8. HP: 70/71 MP: 4/7
  5532 | D:5      | Got Kikubaaqudgha's Omnibus of the Mausoleum
  5556 | D:5      | Found a radiant altar of Vehumet.
  5737 | D:6      | Found a stormy altar of Qazlal.
  5762 | D:6      | Reached skill level 8 in Axes
  5765 | D:6      | Reached skill level 1 in Invocations
  5767 | D:6      | Reached skill level 1 in Evocations
  6658 | D:6      | Found a staircase to the Ecumenical Temple.
  6793 | D:6      | Found a hazy altar of Hepliaklqana.
  6873 | D:6      | Reached skill level 9 in Axes
  7374 | D:7      | Reached XP level 9. HP: 78/79 MP: 9/9
  7585 | D:7      | Found a shadowy altar of Dithmenos.
  7586 | D:7      | Found a shimmering altar of Xom.
  7824 | D:8      | Reached ** piety under Okawaru
  8468 | D:8      | Reached skill level 10 in Axes
  8599 | D:8      | Found a basalt altar of Yredelemnul.
  9727 | D:9      | Noticed a troll
  9740 | D:8      | Reached XP level 10. HP: 73/86 MP: 10/12
  9816 | D:9      | Identified a scroll of acquirement
  9816 | D:9      | Acquired a +6 ring of strength
  9838 | D:9      | Reached *** piety under Okawaru
 10260 | D:9      | Reached skill level 11 in Axes
 10777 | D:9      | Reached skill level 5 in Invocations
 10789 | D:9      | Found a staircase to the Lair.
 10880 | D:10     | Entered Level 10 of the Dungeon
 11215 | D:10     | Noticed a two-headed ogre
 11253 | D:10     | Killed a two-headed ogre
 11253 | D:10     | Reached **** piety under Okawaru
 11292 | D:10     | Reached XP level 11. HP: 43/97 MP: 11/13
 11293 | D:10     | Reached skill level 12 in Axes
 11298 | D:10     | Reached skill level 10 in Ranged Weapons
 11691 | D:10     | Noticed a skeletal warrior
 11715 | D:9      | Killed a skeletal warrior
 11952 | D:10     | Noticed a skeletal warrior
 11963 | D:10     | Noticed a skeletal warrior
 12265 | D:10     | Reached skill level 5 in Evocations
 12423 | D:10     | Identified the +1 great sword of Wifuw {vorpal, Stlth+}
 12465 | D:10     | Killed a skeletal warrior
 12639 | D:10     | Killed a skeletal warrior
 12831 | D:10     | Found an opulent altar of Gozag.
 13051 | D:10     | Reached ***** piety under Okawaru
 13370 | D:10     | Upgraded the game from 0.30-a0-125-g51eefa89be to
                  | 0.30-a0-135-g630cfc4551
 13433 | Lair:1   | Entered Level 1 of the Lair of Beasts
 13532 | Lair:1   | Reached skill level 10 in Fighting
 13724 | Lair:1   | Reached skill level 13 in Axes
 13855 | Lair:1   | Noticed a boulder beetle
 13873 | Lair:1   | Killed a boulder beetle
 13873 | Lair:1   | Identified the +5 broad axe "Poobutaa" {vamp, Drain Int+7
                  | Dex+5} (Okawaru gifted it to you on level 1 of the Lair of
                  | Beasts)
 13873 | Lair:1   | Received a gift from Okawaru
 14345 | Lair:1   | Found a bloodstained altar of Trog.
 14399 | Lair:1   | Noticed Prince Ribbit
 14405 | Lair:1   | Reached XP level 12. HP: 106/106 MP: 12/15
 14408 | Lair:1   | Killed Prince Ribbit
 15803 | Lair:2   | Noticed Urug
 15811 | Lair:2   | Killed Urug
 15812 | Lair:2   | Reached skill level 14 in Axes
 16042 | Lair:2   | Found a hole to the Spider Nest.
 16569 | Lair:3   | Identified the +0 ring mail of Greed {rElec} (Okawaru
                  | gifted it to you on level 3 of the Lair of Beasts)
 16569 | Lair:3   | Received a gift from Okawaru
 17929 | Lair:3   | Found a staircase to the Swamp.
 18514 | Lair:3   | Reached XP level 13. HP: 82/116 MP: 17/17
 18808 | Lair:4   | Reached skill level 15 in Axes
 18922 | Lair:4   | Found a runed translucent gate.
 18922 | Lair:4   | Found a runed translucent gate.
 18922 | Lair:4   | Found a runed translucent gate.
 18924 | Lair:4   | Noticed Dobruq's ghost (journeyman OgTm)
 18924 | Lair:4   | Noticed Zun Lasmi's ghost (journeyman VSTm)
 18925 | Lair:4   | Noticed Riheudah's ghost (journeyman TrDe)
 18925 | Lair:4   | Noticed Catyentaxio's ghost (journeyman MfBe)
 18925 | Lair:4   | Noticed Xutikh's ghost (journeyman SpCA)
 20140 | Lair:5   | Entered Level 5 of the Lair of Beasts
 20443 | Lair:5   | Identified the +10 plate armour "Uladgh" {rElec rF- Will++
                  | Dex+2} (Okawaru gifted it to you on level 5 of the Lair of
                  | Beasts)
 20443 | Lair:5   | Received a gift from Okawaru
 23560 | Lair:5   | Found a large runed translucent door.
 23700 | Lair:5   | Found a large runed translucent door.
 24544 | Lair:5   | Found a runed translucent door.
 24545 | Lair:5   | Found a viscous altar of Jiyva.
 24548 | Lair:5   | Found a staircase to the Slime Pits.
 24810 | Lair:5   | Noticed a fire dragon
 24910 | Lair:5   | Killed a fire dragon
 25232 | D:11     | Noticed Snorg
 25247 | D:11     | HP: 5/118 [Snorg (2)]
 25248 | D:11     | Killed Snorg
 25716 | D:11     | Reached skill level 16 in Axes
 26327 | D:11     | Found a staircase to the Orcish Mines.
 26334 | Orc:1    | Entered Level 1 of the Orcish Mines
 26334 | Orc:1    | Found Lomimuvy's Distillery.
 26449 | Orc:1    | Bought a potion of curing for 54 gold pieces
 26449 | Orc:1    | Bought a potion of haste for 180 gold pieces
 26449 | Orc:1    | Bought a potion of haste for 180 gold pieces
 26449 | Orc:1    | Bought a potion of mutation for 144 gold pieces
 26449 | Orc:1    | Bought 2 potions of heal wounds for 180 gold pieces
 26531 | Orc:1    | Found Panzopobo's Practical Paraphernalia.
 26539 | Orc:1    | Bought a wand of paralysis (5) for 180 gold pieces
 26658 | D:11     | Reached XP level 14. HP: 125/127 MP: 19/19
 26796 | Orc:1    | Found Katso's Antique Armour Boutique.
 27242 | Orc:1    | Identified the +11 dire flail "Kyngynn" {vorpal, rN++ MP-9
                  | Str+3}
 27243 | Orc:1    | Noticed an orc warlord
 27427 | Orc:1    | Killed an orc warlord
 27623 | Orc:1    | Noticed an orc warlord
 27642 | Orc:1    | Killed an orc warlord
 28173 | Orc:2    | Entered Level 2 of the Orcish Mines
 29206 | Orc:2    | Received a gift from Okawaru
 29811 | Orc:2    | Noticed Josephine
 29819 | Orc:2    | Killed Josephine
 30035 | Orc:2    | Noticed Saint Roka
 30233 | Arena    | Entered the Arena
 30244 | Arena    | Killed Saint Roka
 30245 | Arena    | Reached skill level 15 in Ranged Weapons
 30245 | Arena    | Reached skill level 1 in Throwing
 30640 | Orc:2    | Found Rakliz's Antique Weapon Boutique.
 30652 | Orc:2    | Found Qozati's Jewellery Shop.
 30715 | Orc:2    | Reached skill level 17 in Axes
 31355 | Orc:2    | Found a staircase to the Elven Halls.
 31676 | Orc:2    | Noticed an orc warlord
 31692 | Orc:2    | Killed an orc warlord
 32255 | Orc:2    | Found Xume's Jewellery Boutique.
 32598 | Orc:2    | Found Aruf's Antique Weapon Emporium.
 33028 | Orc:2    | Bought a ring of flight for 262 gold pieces
 33410 | Temple   | Entered the Ecumenical Temple
 33828 | D:11     | Found a glowing silver altar of Zin.
 34069 | Lair:3   | Reached skill level 5 in Armour
 34274 | Lair:4   | Killed Catyentaxio's ghost
 34275 | Lair:4   | Reached XP level 15. HP: 136/136 MP: 13/21
 34278 | Lair:4   | Killed Dobruq's ghost
 34287 | Lair:4   | Killed Riheudah's ghost
 34288 | Lair:4   | Killed Xutikh's ghost
 34295 | Lair:4   | Killed Zun Lasmi's ghost
 36400 | Arena    | Entered the Arena
 36733 | D:12     | Received a gift from Okawaru
 36734 | D:12     | Reached skill level 10 in Invocations
 37320 | D:13     | Received a gift from Okawaru
 37335 | D:13     | Found a gate to the Vaults.
 37362 | D:13     | Received a gift from Okawaru
 37368 | D:13     | Reached skill level 18 in Axes
 37968 | D:13     | Acquired the +1 cloak of Noughts and Crosses {Fly Regen+
                  | Slay+5 Stlth-}
 38006 | D:13     | Identified the +1 robe of Keicu {rF++ rC+ rN+ Str-2}
 38783 | D:14     | Reached skill level 1 in Maces & Flails
 38829 | D:14     | Received a gift from Okawaru
 38925 | D:14     | Received a gift from Okawaru
 39081 | D:14     | Noticed Jorgrun
 39094 | D:14     | Killed Jorgrun
 39357 | D:15     | Entered Level 15 of the Dungeon
 39366 | D:15     | Received a gift from Okawaru
 39503 | D:15     | Identified the +3 buckler of the Midnight Sun {rCorr Dex+5}
                  | (Okawaru gifted it to you on level 15 of the Dungeon)
 39503 | D:15     | Received a gift from Okawaru
 39578 | D:15     | Reached XP level 16. HP: 145/146 MP: 20/22
 39593 | D:15     | Found a sacrificial altar of Ru.
 39890 | D:15     | Reached skill level 5 in Throwing
 40048 | D:15     | Found a staircase to the Depths.
 40091 | Depths:1 | Entered Level 1 of the Depths
 40898 | Orc:1    | Bought a masterwork chain mail for 275 gold pieces
 40898 | Orc:1    | Identified the +1 chain mail "Lacsiyrgh" {MP+9} (You bought
                  | it in a shop on level 1 of the Orcish Mines)
 41433 | Swamp:1  | Entered Level 1 of the Swamp
 41610 | Orc:1    | Bought a ring of protection from fire for 375 gold pieces
 41610 | Orc:1    | Bought a ring of poison resistance for 300 gold pieces
 41850 | Swamp:1  | Found a transporter.
 41853 | Swamp:1  | Noticed Ikeowk's ghost (journeyman SpHs)
 41863 | Swamp:1  | Noticed a thorn hunter
 41876 | Swamp:1  | Reached skill level 19 in Axes
 42050 | Swamp:1  | Found a transporter.
 42540 | Swamp:2  | Noticed a thorn hunter
 42546 | Swamp:2  | Killed a thorn hunter
 43231 | Swamp:2  | Reached skill level 1 in Dodging
 43573 | Swamp:2  | Reached skill level 1 in Stealth
 43690 | Swamp:3  | Noticed Louise
 43701 | Swamp:2  | Received a gift from Okawaru
 43753 | Swamp:2  | Reached skill level 5 in Maces & Flails
 43779 | Swamp:2  | Killed Louise
 43810 | Swamp:3  | Noticed Roxanne
 44318 | Swamp:3  | Upgraded the game from 0.30-a0-135-g630cfc4551 to
                  | 0.30-a0-137-gd8773701ce
 44336 | Swamp:4  | Entered Level 4 of the Swamp
 44416 | Arena    | Entered the Arena
 44491 | Swamp:3  | Reached XP level 17. HP: 130/154 MP: 23/23
 44650 | Arena    | Entered the Arena
 44816 | Swamp:4  | Reached skill level 15 in Fighting
 44915 | Swamp:4  | Identified the +2 pair of gloves of Kilim {rCorr Str+4
                  | Int+4 Dex-5 SInv} (Okawaru gifted it to you on level 4 of
                  | the Swamp)
 44915 | Swamp:4  | Received a gift from Okawaru
 44934 | Arena    | Entered the Arena
 45040 | Swamp:4  | Reached skill level 20 in Axes
 45115 | Swamp:4  | Got a decaying rune of Zot
 45387 | Spider:1 | Entered Level 1 of the Spider Nest
 45424 | Spider:1 | Noticed Agnes
 45435 | Spider:1 | Killed Agnes
 45805 | Spider:1 | Reached skill level 5 in Shields
 46428 | Spider:2 | Reached skill level 5 in Dodging
 47339 | Spider:3 | Noticed an entropy weaver
 47352 | Spider:3 | Killed an entropy weaver
 47428 | Spider:3 | Noticed an entropy weaver
 47435 | Spider:3 | Killed an entropy weaver
 47572 | Spider:2 | Received a gift from Okawaru
 47673 | Spider:3 | Reached skill level 5 in Stealth
 48557 | Spider:3 | Reached XP level 18. HP: 166/166 MP: 24/24
 49167 | Spider:4 | Entered Level 4 of the Spider Nest
 50260 | Spider:3 | Received a gift from Okawaru
 52047 | Spider:4 | Reached skill level 10 in Shields
 53599 | Spider:4 | Received a gift from Okawaru
 54671 | Spider:4 | Identified the +0 hat of the Loofah {rPois Will+ rCorr}
 54684 | Spider:4 | Got a gossamer rune of Zot
 55159 | Elf:1    | Entered Level 1 of the Elven Halls
 55192 | Orc:2    | Received a gift from Okawaru
 55403 | Elf:1    | Identified the +1 pair of gloves of the Hot Ocelot {rF+
                  | Will+ Int+5}
 55575 | Elf:1    | Found Guqurer's Magic Scroll Emporium.
 55584 | Elf:1    | Bought a scroll of blinking for 112 gold pieces
 55584 | Elf:1    | Bought a scroll of brand weapon for 142 gold pieces
 55585 | Elf:1    | Found Miw Inno's Antique Armour Shoppe.
 55636 | Elf:1    | Paralysed by an air elemental for 1 turns
 55730 | Elf:1    | Identified the ring "Zumocwism" {rElec rF+ rCorr Int-5
                  | Stlth+}
 56012 | Elf:1    | Reached skill level 10 in Armour
 56036 | Elf:1    | Found Batuexuk's General Store.
 56095 | Elf:1    | Bought a potion of invisibility for 112 gold pieces
 56257 | Elf:1    | Identified the +12 crystal plate armour of the Wild Haggis
                  | {Int+2} (Okawaru gifted it to you on level 1 of the Elven
                  | Halls)
 56257 | Elf:1    | Received a gift from Okawaru
 56362 | Elf:1    | Reached XP level 19. HP: 177/177 MP: 22/25
 56832 | Elf:2    | Got the Atlas of Execration
 56892 | Elf:2    | Found a runed translucent gate.
 56893 | Elf:2    | Found a runed translucent gate.
 56893 | Elf:2    | Found a runed translucent gate.
 57495 | Elf:3    | Entered Level 3 of the Elven Halls
 57997 | Elf:3    | Found Ixaucetz's Antique Weapon Emporium.
 57999 | Elf:3    | Found Efocruull's Magic Scroll Shoppe.
 58001 | Elf:3    | Found Mireriy's Antique Weapon Emporium.
 58007 | Elf:3    | Bought a scroll of enchant weapon for 135 gold pieces
 58244 | Elf:3    | Noticed Bai Suzhen
 58256 | Elf:3    | Killed Bai Suzhen
 58360 | Elf:3    | Found Vainin Gucw's Magic Scroll Shoppe.
 58368 | Elf:3    | Bought a scroll of brand weapon for 114 gold pieces
 58368 | Elf:3    | Bought a scroll of blinking for 90 gold pieces
 58520 | Elf:3    | Paralysed by an air elemental for 1 turns
 58638 | Elf:3    | Noticed a Brimstone Fiend
 58787 | Elf:3    | Received a gift from Okawaru
 58790 | Elf:3    | Reached skill level 10 in Dodging
 58810 | Elf:3    | Received a gift from Okawaru
 58810 | Elf:3    | Received a gift from Okawaru
 59128 | Elf:3    | Got The Advanced Guide to the Arcane Arts
 59154 | Elf:3    | Identified the ring "Cesohikk" {Contam rPois rF+ Stlth+}
 59156 | Elf:3    | Got the Commentary on the Wind and the Oath
 59184 | Elf:3    | Found the dreamshard necklace {*Dream Drain}
 59208 | Elf:3    | Identified the ring "Akhieg" {Str+6 Int+3}
 59884 | Swamp:1  | Received a gift from Okawaru
 59892 | Swamp:1  | Killed Ikeowk's ghost
 60174 | Vaults:1 | Entered Level 1 of the Vaults
 60174 | Vaults:1 | Found Muphot's Assorted Antiques.
 60179 | Vaults:1 | Bought a scroll of blinking for 135 gold pieces
 60179 | Vaults:1 | Bought a sparkling pewter ring for 90 gold pieces
 60179 | Vaults:1 | Identified the ring "Anistrys" {rCorr Stlth+} (You bought
                  | it in a shop on level 1 of the Vaults)
 60190 | Vaults:1 | Reached XP level 20. HP: 141/187 MP: 26/26
 60209 | Vaults:1 | Mangled by an orc knight

Illustrated notes

Levels and vault maps discovered:
D:1:      scummos_arrival_checkerplants, layout_basic, serial_curves,
          eino_curves_04, eino_curves_01, hellmonk_ecumenical_altar_crossroads,
          minmay_misc_feat_doors
D:2:      layout_basic, basic_altar
D:3:      layout_rooms, mainiacjoe_overflow_catwalk_spiral, minmay_ogre_servants
D:4:      layout_loops_corners, mainiacjoe_overflow_concentric_impassable,
          uniq_natasha
D:5:      layout_cave_pods, palyth_temple_overflow_mages,
          mainiacjoe_overflow_surrounded_room, fedhas_bush_and_centaur_altar
D:6:      layout_loops_ring, nzn_hepliaklqana_mist_gate, lemuel_round_altar,
          minmay_temple_entry_mini_moons, serial_glass, glass_columns_b,
          glass_columns_a
D:7:      layout_rooms, minitemple
D:8:      layout_basic, nicolae_yredelemnul_corpse_copse,
          nicolae_figureground_pulse
D:9:      layout_roguey, david_lair_shrubbed, due_unseen_surprise
D:10:     layout_loops_ring, mainiacjoe_overflow_brackets, corexii_corridor_pit,
          statue_in_the_mist_lemuel
D:11:     layout_loops_corners, orc_0_dummy, zin_treasury, uniq_snorg
D:12:     layout_irregular_city, minmay_rotating_lava
D:13:     layout_rooms, erik_vaults_2, serial_bayou, serial_bayou_ford_a,
          serial_bayou_lake_a, serial_bayou_pond_e, serial_bayou_pond_d,
          serial_bayou_pond_d, chequers_serial_rivers_large_b
D:14:     layout_roguey, uniq_jorgrun
D:15:     grunt_enter_depths_magical_seal, layout_basic, serial_curves,
          eino_curves_04, eino_curves_02, grunt_decor_clamped,
          nicolae_ru_awakened_eye
Temple:   hellmonk_temple_micro_hex
Lair:1:   layout_layer_cave, basic_altar, serial_bayou_shore_b,
          uniq_prince_ribbit2
Lair:2:   layout_gridlike, nicolae_spider_entry_tight_spaces,
          dreamdust_gnoll_shepherd, grunt_megastairs_5, uniq_urug
Lair:3:   layout_gridlike, nicolae_swamp_entry_splash_gauntlet, serial_forest,
          infiniplex_forest_lined_room_3, infiniplex_forest_lined_2,
          infiniplex_forest_lined_room_2, infiniplex_forest_lined_corner,
          infiniplex_forest_straight_2, infiniplex_forest_clump_curved,
          dpeg_oklob_1, infiniplex_staircase_pool_2
Lair:4:   layout_roguey, gammafunk_ghost_cemetery
Lair:5:   cheibrodos_lair_end_hotspot, layout_gridlike, slime_entry_2,
          infiniplex_staircase_pool, lemuel_fruit_tree
Swamp:1:  layout_falls_marsh, gammafunk_ghost_arena,
          nicolae_swamp_well_well_well
Swamp:2:  layout_basic_swamp, nicolae_swamp_bean_lake
Swamp:3:  layout_basic_swamp, serial_swamp_ruin, evilmike_swamp_ruin_rubble_2,
          evilmike_swamp_ruin_house_2, evilmike_swamp_ruin_house_3, swamp_pool1,
          nicolae_swamp_tree_designs, uniq_louise, uniq_roxanne
Swamp:4:  swamp_alternative, layout_basic_swamp
Spider:1: layout_spider_delve, uniq_agnes
Spider:2: layout_spider_delve
Spider:3: layout_cave_pods, nicolae_spider_paper_wasps
Spider:4: grunt_spider_rune_circles
Orc:1:    layout_diamond_mine, serial_shops, shop, shop_statue,
          nicolae_alphabet_shops, minmay_orc_treasury
Orc:2:    pubby_orc_utopia, serial_shops, uniq_saint_roka, uniq_josephine
Elf:1:    minmay_elf_arrival_plus, layout_geoelf_grid, serial_shops,
          nicolae_shop_temple_entry_statues_fountains, minivault_28,
          nicolae_elf_vaults_five_recruitment_drive, minmay_shoptagon
Elf:2:    nicolae_elf_blades_crystal_corner, layout_gridlike, billiards_dpeg,
          grunt_megastairs_4
Elf:3:    minmay_elf_hall_four_x, layout_loops_cross, serial_shops,
          nicolae_diamond_shop, st_stairs_7, minmay_shop_star, uniq_bai_suzhen
Vaults:1: mu_enter_wizlab_6, v_pattern_2, v_alt_pattern_5,
          ontoclasm_vaults_tryst, v_misc_13, vaults_room_pools, v_misc_15,
          ontoclasm_vaults_idyll, grunt_vaults_twisty,
          nicolae_vaults_c_with_doors, vaults_room_pool, layout_vaults_omnibox,
          serial_shops, shop, uniq_zenata
Depths:1: layout_twisted_cross, grunt_mini_vestibule,
          nicolae_transporter_intersection

Skill      XL: |  1  2  3  4  5  6  7  8  9 10 11 12 13 14 15 16 17 18 19 |
---------------+----------------------------------------------------------+-----
Axes           | 3 4 5 6 7 9 10 11 13 14 16 17 18 19 20 | 20.0
Fighting       | 4 5 6 7 8 9 10 11 12 13 14 15 17 18 | 18.2
Ranged Weapons | 1 2 4 5 6 8 9 11 13 14 15 16 17 18 | 18.0
Invocations    | 2 4 5 6 7 8 9 10 | 10.2
Evocations     | 2 3 4 5 7 8 9 |  9.1
Throwing       | 2 4 6 7 |  7.0
Armour         | 5 7 10 14 | 14.1
Maces & Flails | 2 5 6 |  6.5
Dodging        | 3 6 8 10 | 10.8
Stealth        | 2 5 7 9 |  9.1
Shields        | 8 10 | 10.4

Action                   |  1- 3 |  4- 6 |  7- 9 | 10-12 | 13-15 | 16-18 | 19-21 || total
-------------------------+-------+-------+-------+-------+-------+-------+-------++-------
Melee: War axe           |    54 |    94 |   175 |    25 |       |       |       ||   348
       Headbutt          |     6 |    14 |    32 |    72 |   141 |   190 |    40 ||   495
       Punch             |       |     1 |     7 |       |       |       |       ||     8
       Battleaxe         |       |       |       |   286 |   606 |   488 |   164 ||  1544
       Morningstar       |       |       |       |       |    29 |   127 |       ||   156
       Dire flail        |       |       |       |       |     8 |       |       ||     8
       Broad axe         |       |       |       |       |       |   136 |       ||   136
 Fire: Arbalest          |       |    62 |   122 |   158 |   565 |   367 |    89 ||  1363
Throw: Dart              |       |     1 |     3 |     4 |     1 |       |       ||     9
       Throwing net      |       |       |       |     1 |       |       |       ||     1
       Boomerang         |       |       |       |       |     3 |   116 |    27 ||   146
       Javelin           |       |       |       |       |       |     4 |    18 ||    22
Invok: Heroism           |       |     1 |    24 |    25 |    62 |    61 |    10 ||   183
       Finesse           |       |       |       |     2 |     8 |     4 |     3 ||    17
       Duel              |       |       |       |       |     2 |     3 |       ||     5
Evoke: Wand              |       |     1 |     5 |    10 |    16 |    34 |    13 ||    79
  Use: Scroll            |       |     5 |     6 |    16 |    12 |    12 |     9 ||    60
       Potion            |       |     2 |       |       |    11 |     3 |     6 ||    22
 Stab: Paralysed         |       |       |       |     8 |     3 |    12 |     1 ||    24
       Invisible         |       |       |       |       |       |     3 |     8 ||    11
       Confused          |       |       |       |       |       |     1 |       ||     1
Armor: Scale mail        |    25 |    41 |     4 |       |       |       |       ||    70
       Chain mail        |       |       |   132 |    36 |       |       |       ||   168
       Plate armour      |       |       |       |   108 |   377 |   948 |    97 ||  1530
Dodge: Dodged            |    32 |    60 |   121 |   119 |   245 |   496 |    79 ||  1152
Block: Buckler           |    12 |     2 |       |       |       |       |       ||    14
       Kite shield       |       |    25 |       |       |       |       |       ||    25
       Other             |       |       |    46 |    52 |   112 |    16 |    21 ||   247
       Reflection        |       |       |       |     2 |    14 |     5 |     9 ||    30
       Tower shield      |       |       |       |       |       |   399 |       ||   399

Table legend: (Time is in decaauts)
 A = Elapsed time spent in this place.
 B = Non-inter-level travel time spent in this place.
 C = Inter-level travel time spent in this place.
 D = Time resting spent in this place.
 E = Time spent auto-exploring this place.
 F = Levels seen in this place.
 G = Mean time per level.
                   A        B        C        D        E       F      G
               +--------+--------+--------+--------+--------+-----+--------+
         Total |  60304 |  56528 |   3776 |  24926 |  22194 |  41 | 1470.8 |
       Dungeon |  22704 |  20943 |   1761 |   7305 |  10516 |  15 | 1513.6 |
        Temple |      1 |      1 |      0 |      0 |      0 |   1 |    1.0 |
          Lair |  12947 |  11942 |   1005 |   5884 |   4473 |   5 | 2589.4 |
         Swamp |   3671 |   3444 |    227 |   1092 |   1453 |   4 |  917.8 |
   Spider Nest |   9525 |   9311 |    214 |   5683 |   2274 |   4 | 2381.2 |
  Orcish Mines |   6935 |   6518 |    417 |   3700 |   1680 |   2 | 3467.5 |
   Elven Halls |   4201 |   4051 |    150 |   1130 |   1773 |   3 | 1400.3 |
        Vaults |     31 |     31 |      0 |      0 |      0 |   1 |   31.0 |
        Depths |    170 |    170 |      0 |     76 |      0 |   1 |  170.0 |
         Arena |    115 |    115 |      0 |     53 |     24 |   5 |   23.0 |
               +--------+--------+--------+--------+--------+-----+--------+

Top non-repeatable levels by time:
Spider:4: 5373 daAuts
   Orc:2: 5104 daAuts
  Lair:5: 4914 daAuts
  Lair:3: 2954 daAuts
    D:12: 2770 daAuts
    D:10: 2711 daAuts
Spider:3: 2139 daAuts
    D:11: 1963 daAuts
     D:5: 1914 daAuts
   Elf:3: 1906 daAuts
   Orc:1: 1830 daAuts
  Lair:4: 1788 daAuts
     D:9: 1765 daAuts
  Lair:1: 1737 daAuts
     D:8: 1555 daAuts
